 Dungeon Crawl Stone Soup version 0.20-a0-823-gdec668e (webtiles) character file.

52117 nikopol the Severer (level 14, -3/127 HPs)
             Began as a Minotaur Berserker on Mar 5, 2017.
             Was a High Priest of Trog.
             Slain by a blink frog (9 damage)
             ... on level 6 of the Lair of Beasts.
             The game lasted 01:19:39 (22067 turns).

nikopol the Severer (Minotaur Berserker)           Turns: 22067, Time: 01:19:40

Health: -3/127     AC: 20    Str: 22    XL:     14   Next: 26%
Magic:  13/13      EV: 17    Int:  4    God:    Trog [*****.]
Gold:   1233       SH:  0    Dex: 15    Spells: 13/13 levels left

rFire    . . .     SeeInvis .   a - +2 war axe (flame)
rCold    + . .     Gourm    .   d - +0 scale mail
rNeg     . . .     Faith    .   (no shield)
rPois    +         Spirit   .   k - +0 hat
rElec    .         Reflect  .   o - +2 cloak {rPois}
rCorr    .         Harm     .   (no gloves)
MR       +++..                  H - +2 pair of boots {Fly}
Stlth    ..........             (no amulet)
Regen    1.4/turn               J - ring of protection from cold
MPRegen  0.2/turn               g - +4 ring of protection

@: regenerating
A: retaliatory headbutt, horns 2
a: Berserk, Trog's Hand, Brothers in Arms, Burn Spellbooks, Renounce Religion,
Evoke Flight


You were on level 6 of the Lair of Beasts.
You worshipped Trog.
Trog was extremely pleased with you.
You were very hungry.

You visited 2 branches of the dungeon, and saw 18 of its levels.
You also visited: Ice Cave.

You collected 1233 gold pieces.

Inventory:

Hand Weapons
 a - a +2 war axe of flaming (weapon)
 z - a +9 longbow
 A - the +8 battleaxe of Suaj {drain, rF+ Str-5 Int+3}
   (Trog gifted it to you in an ice cave)

   A truly terrible weapon, it drains the life of those it strikes.
   It affects your strength (-5).
   It affects your intelligence (+3).
   It protects you from fire.
Missiles
 l - 269 arrows (quivered)
Armour
 d - a +0 scale mail (worn)
 k - a +0 hat (worn)
 o - a +2 cloak of poison resistance (worn)
 H - a +2 pair of boots of flying (worn)
Jewellery
 g - a +4 ring of protection (left hand)
 J - a ring of protection from cold (right hand)
Wands
 t - a wand of enslavement (14/24)
 x - a wand of digging (15/24)
 D - a wand of iceblast (9/15)
 E - a wand of iceblast (5/15)
 F - a wand of iceblast (5/15)
 M - a wand of random effects (22/48)
 O - a wand of paralysis (19/24)
 V - a wand of digging (8/24)
 Y - a wand of paralysis (16/24)
Scrolls
 e - 6 scrolls of identify
 h - 5 scrolls of magic mapping
 i - 10 scrolls of teleportation
 j - 10 scrolls of remove curse
 r - a scroll of silence
 y - 2 scrolls of blinking
 B - 5 scrolls of enchant weapon
 C - 2 scrolls of recharging
 T - a scroll of fear
Potions
 b - a potion of lignification {unknown}
 f - 4 potions of flight
 n - a potion of invisibility
 q - 6 potions of curing
 s - 2 potions of berserk rage
 v - 2 potions of haste
 w - a potion of might
 G - 4 potions of brilliance
 I - 2 potions of heal wounds
 L - a potion of cancellation
 N - a potion of magic
 S - a potion of resistance
Comestibles
 c - 13 bread rations
 m - 13 meat rations
 p - 3 royal jellies
 u - 12 fruits
 K - 3 chunks of flesh


   Skills:
 + Level 12.5 Fighting
 * Level 15.6 Axes
 * Level 13.3 Bows
 + Level 12.1 Armour
 + Level 11.3 Dodging


You had 13 spell levels left.
You didn't know any spells.

Dungeon Overview and Level Annotations

Branches:
Dungeon (12/15)            Temple (0/1) D:6            Lair (6/6) D:11
  Swamp (0/4) Lair:2       Spider (0/4) Lair:2        Slime (0/5) Lair:6
    Orc (0/2) D:9

Altars:
Ashenzari
Elyvilon
Fedhas
Kikubaaqudgha
Okawaru
Qazlal
Ru
Vehumet
Wu Jian
The Shining One

Shops:
D:8 *


Innate Abilities, Weirdness & Mutations

You reflexively headbutt those who attack you in melee.
You have a pair of horns on your head.


Message History

The spiny frog is severely wounded.
You slash the bullfrog! You burn the bullfrog.
You kill the bullfrog!
Trog accepts your kill. The spiny frog closely misses you.
You hit the spiny frog. You burn the spiny frog. You headbutt the spiny frog.
You kill the spiny frog!
Trog accepts your kill.
You closely miss the blink frog. You barely miss the tyrant leech.
The blink frog misses you. The tyrant leech bites you!
* * * LOW HITPOINT WARNING * * *
The tyrant leech draws strength from your injuries!
You miss the blink frog. You headbutt the blink frog.
The blink frog is heavily wounded.
You hit the tyrant leech. You burn the tyrant leech. The blink frog hits you.
* * * LOW HITPOINT WARNING * * *
Your deep troll goes berserk!
You are feeling very hungry.
The blink frog hits you!
You die...

,,,*,≈,,,,,≈≈≈≈≈≈≈≈*≈≈≈≈≈≈≈≈≈≈,,,
,,,,,,,≈,...≈.≈≈P≈≈≈≈≈≈≈≈≈≈≈,,≈,,
,,,,,,,,,≈..≈.≈..≈≈≈≈≈≈≈≈,,,,***,
,,...............P((.≈≈.,*****,,,
...........(..(≈..≈.!≈##**,,,,,,,
.........(.(....(.F.....,,,,,,,,,
...............(..D.....,,,,,,,,,
..........(...T..w......,,,,,,,,,
.........(..(...@F......,,,,,,,,,
........(...............,,,,,,,,,
..........÷†............,,,,,,,,,
...........†............,,,,,,,,,
..<.....P.......#.##.#.$,,***,,*,
..(..P...P..P#...##*##,.,,* *,***
.#(..P.......#./...,,,,,,,* ****,
#.#.#..###..P##...[.,,,,,,* *,,*,
.##.....##..###......,,,,,* *,,,*


You could see a six-headed hydra, a tyrant leech, a spiny frog, a blink frog and
a friendly deep troll (berserk).

Vanquished Creatures
  A dire elephant (Lair:2)
  8 hydras
  3 two-headed ogres
  The ghost of WereVolvo the Zephyrmancer, a novice DrAE of Vehumet (Lair:1)
  A lindwurm (Lair:2)
  2 necromancers
  3 cyclopes
  4 ugly things
  24 elephants
  An ice statue (IceCv)
  2 black mambas (Lair:5)
  17 spiny frogs
  A kobold demonologist (D:7)
  2 ice devils (Lair:5)
  10 freezing wraiths (IceCv)
  5 komodo dragons
  A troll (D:11)
  A hornet (D:11)
  4 polar bears
  16 blink frogs
  5 hippogriffs
  A spriggan (Lair:2)
  The ghost of WereVolvo the Chucker, an amateur OgAM (D:3)
  2 wyverns
  2 basilisks (Lair:2)
  A hungry ghost (D:10)
  4 yaks
  3 vampire mosquitoes (Lair:6)
  2 steam dragons (D:5)
  A warg (D:9)
  An acid dragon (D:10)
  5 swamp worms (Lair:2)
  11 water moccasins
  10 porcupines
  8 orc warriors
  3 sky beasts
  7 ice beasts
  2 black bears
  3 phantoms
  9 wolves
  9 ogres
  10 centaurs
  13 crocodiles
  23 bullfrogs
  4 scorpions
  A wyvern skeleton (D:9)
  9 killer bees
  5 howler monkeys
  5 wights (D:12)
  5 electric eels
  A bullfrog zombie (D:5)
  A centaur zombie (D:7)
  4 crimson imps
  A lava snake (D:10)
  6 draconian simulacra (IceCv)
  5 hounds
  A jelly (D:10)
  9 orc priests
  2 bullfrog skeletons
  16 orc wizards
  Crazy Yiuf (D:2)
  Terence (D:2)
  2 iguanas (D:11)
  7 worker ants
  3 yak simulacra (Lair:2)
  5 troll simulacra (IceCv)
  2 spriggan simulacra (IceCv)
  7 wolf simulacra
  3 polar bear simulacra (Lair:2)
  A centaur simulacrum (IceCv)
  A hound skeleton (D:3)
  2 worker ant zombies
  A howler monkey zombie (D:7)
  4 gnolls (D:3)
  5 naga simulacra (IceCv)
  An ogre simulacrum (IceCv)
  12 adders
  3 shadow imps
  12 white imps (IceCv)
  3 oozes
  2 adder skeletons
  2 worms
  2 dart slugs
  5 leopard geckos
  73 orcs
  4 giant cockroaches
  12 hobgoblins
  3 jackals (D:7)
  3 quokkas
  A ball python (D:2)
  A ball python skeleton (D:5)
  2 bats (D:3)
  5 frilled lizards
  11 goblins
  5 kobolds
  A leopard gecko skeleton (D:4)
  A quokka skeleton (D:5)
  7 rats
  A river rat simulacrum (Lair:2)
  25 fungi
  28 plants
588 creatures vanquished.

Vanquished Creatures (others)
  A river rat simulacrum (Lair:2)
  39 fungi (Lair:2)
  21 plants
61 creatures vanquished.

Grand Total: 649 creatures vanquished

Notes
Turn   | Place    | Note
-------+----------+-------------------------------------------
     0 | D:1      | nikopol the Minotaur Berserker began the quest for the Orb.
     0 | D:1      | Reached XP level 1. HP: 19/19 MP: 0/0
   292 | D:1      | Reached XP level 2. HP: 23/27 MP: 1/1
   683 | D:1      | Reached skill level 4 in Axes
   685 | D:1      | Reached ** piety under Trog
   714 | D:1      | Reached XP level 3. HP: 30/33 MP: 2/2
   890 | D:2      | Found a radiant altar of Vehumet.
  1042 | D:2      | Found a runed door.
  1046 | D:2      | Noticed Crazy Yiuf
  1053 | D:2      | Killed Crazy Yiuf
  1138 | D:2      | Reached XP level 4. HP: 39/40 MP: 3/3
  1156 | D:2      | Noticed Terence
  1167 | D:2      | Killed Terence
  1532 | D:3      | Reached XP level 5. HP: 43/47 MP: 4/4
  1650 | D:3      | Noticed an ogre
  1663 | D:3      | Killed an ogre
  1663 | D:3      | Reached skill level 5 in Fighting
  1663 | D:3      | Reached skill level 5 in Axes
  1833 | D:3      | Reached *** piety under Trog
  1878 | D:3      | Reached XP level 6. HP: 56/56 MP: 5/5
  1888 | D:3      | Noticed WereVolvo's ghost (amateur OgAM)
  1908 | D:3      | Killed WereVolvo's ghost
  2546 | D:4      | Reached XP level 7. HP: 56/61 MP: 6/6
  2616 | D:4      | Reached skill level 5 in Armour
  2632 | D:4      | Reached skill level 5 in Dodging
  2721 | D:4      | Reached skill level 6 in Axes
  2875 | D:4      | Found an ornate altar of the Wu Jian Council.
  2919 | D:4      | Reached **** piety under Trog
  3033 | D:5      | Entered Level 5 of the Dungeon
  3296 | D:5      | Found a white marble altar of Elyvilon.
  3550 | D:5      | Reached XP level 8. HP: 27/71 MP: 7/7
  3887 | D:5      | Reached skill level 1 in Bows
  3899 | D:5      | Reached skill level 7 in Axes
  4455 | D:5      | Found a glowing golden altar of the Shining One.
  4531 | D:5      | Found a shattered altar of Ashenzari.
  4539 | D:5      | Found an ancient bone altar of Kikubaaqudgha.
  4883 | D:6      | Found a staircase to the Ecumenical Temple.
  5557 | D:6      | Found a stormy altar of Qazlal.
  5665 | D:7      | Reached skill level 8 in Axes
  5749 | D:7      | Reached XP level 9. HP: 77/79 MP: 8/8
  6438 | D:7      | Reached skill level 9 in Axes
  6509 | D:7      | Reached skill level 5 in Bows
  6645 | D:7      | Reached ***** piety under Trog
  6740 | D:7      | Noticed a kobold demonologist
  6756 | D:7      | Killed a kobold demonologist
  7454 | D:8      | Reached XP level 10. HP: 89/89 MP: 9/9
  8028 | D:8      | Found Weoni's General Store.
  8054 | D:8      | Reached skill level 10 in Axes
  8097 | D:8      | Received a gift from Trog
  8635 | D:9      | Found a staircase to the Orcish Mines.
  9546 | D:10     | Entered Level 10 of the Dungeon
 10052 | D:10     | Reached skill level 11 in Axes
 10778 | D:11     | Noticed a two-headed ogre
 10792 | D:11     | Noticed a green ugly thing
 10795 | D:11     | Killed a two-headed ogre
 10795 | D:11     | Reached XP level 11. HP: 22/97 MP: 10/10
 10799 | D:11     | Killed a green ugly thing
 11936 | D:11     | Noticed a cyan ugly thing
 11948 | D:11     | Killed a cyan ugly thing
 12470 | D:11     | Noticed a two-headed ogre
 12476 | D:11     | Killed a two-headed ogre
 12476 | D:11     | Reached skill level 12 in Axes
 12477 | D:11     | Found a staircase to the Lair.
 12618 | D:11     | Found a sacrificial altar of Ru.
 12758 | D:12     | Noticed a two-headed ogre
 12764 | D:12     | Killed a two-headed ogre
 12908 | D:11     | Found an iron altar of Okawaru.
 13181 | D:12     | Received a gift from Trog
 13208 | D:12     | Found a blossoming altar of Fedhas.
 13229 | D:12     | Reached skill level 10 in Fighting
 13260 | D:12     | Noticed a four-headed hydra
 13263 | D:12     | Killed a four-headed hydra
 13435 | D:12     | Noticed a brown ugly thing
 13439 | D:12     | Killed a brown ugly thing
 13501 | D:12     | Noticed a brown ugly thing
 13515 | D:12     | Killed a brown ugly thing
 13953 | Lair:1   | Entered Level 1 of the Lair of Beasts
 14133 | Lair:1   | Noticed WereVolvo's ghost (novice DrAE)
 14146 | Lair:1   | Killed WereVolvo's ghost
 14325 | Lair:1   | Reached XP level 12. HP: 99/107 MP: 11/11
 14439 | Lair:1   | Reached skill level 10 in Bows
 14617 | Lair:1   | Received a gift from Trog
 14632 | Lair:1   | Reached skill level 13 in Axes
 14709 | Lair:1   | Noticed a four-headed hydra
 14714 | Lair:1   | Killed a four-headed hydra
 14714 | Lair:1   | Reached skill level 10 in Armour
 15348 | Lair:2   | Noticed a dire elephant
 16391 | Lair:2   | Noticed a four-headed hydra
 16397 | Lair:2   | Killed a four-headed hydra
 16397 | Lair:2   | Reached skill level 10 in Dodging
 16434 | Lair:2   | Noticed a six-headed hydra
 16441 | Lair:2   | Killed a six-headed hydra
 16441 | Lair:2   | Reached skill level 14 in Axes
 16611 | Lair:2   | Reached XP level 13. HP: 116/116 MP: 12/12
 16622 | Lair:2   | Found a hole to the Spider Nest.
 16684 | Lair:2   | Received a gift from Trog
 17025 | Lair:2   | Found a sacrificial altar of Ru.
 17156 | Lair:2   | Found a staircase to the Swamp.
 17339 | Lair:2   | Killed a dire elephant
 18001 | Lair:3   | Received a gift from Trog
 19386 | Lair:5   | Received a gift from Trog
 19420 | Lair:5   | Reached skill level 15 in Axes
 19631 | Lair:5   | Found a frozen archway.
 19643 | IceCv    | Entered an ice cave
 20447 | IceCv    | Found an ancient bone altar of Kikubaaqudgha.
 20668 | IceCv    | Received a gift from Trog
 20669 | IceCv    | Got a smoking battleaxe {god gift}
 20763 | IceCv    | Reached XP level 14. HP: 127/127 MP: 13/13
 21061 | Lair:5   | Identified the +8 battleaxe of Suaj {drain, rF+ Str-5 Int+3} (Trog gifted it to you in an ice cave)
 21933 | Lair:6   | Entered Level 6 of the Lair of Beasts
 22065 | Lair:6   | HP: 6/127 [tyrant leech (14)]
 22067 | Lair:6   | Slain by a blink frog

Vault maps used:
D:1:      minmay_arrival_stair_chambers, serial_bayou_pond_c,
          minmay_pentomino_w2
D:2:      vehumet_crystals, uniq_terence, uniq_crazy_yiuf_cottage
D:3:      first_bread, minmay_cut_off
D:4:      marbit_many_paths, serial_park_tiny_2
D:5:      kennysheep_steamy, nicolae_tso_swordbearing_angel, minitemple,
          basic_altar
D:6:      kennysheep_mini_moat
D:7:      minmay_cornered_nines, grunt_ogre_cave
D:8:      serial_shops, shop, disabler_island
D:9:      david_orc_3
D:10:     kennysheep_opposing_triangles
D:11:     lemuel_upstairs_altar, grunt_lair_entry_orc_guard_hut,
          nicolae_ru_the_path_less_chosen
D:12:     fedhas_altar_2
Lair:1:   guppyfry_lair_drakes, grunt_megastairs_5
Lair:2:   mu_elephants_graveyard, nicolae_swamp_entry_splash_gauntlet,
          spider_nest_entry_web_field, basic_altar, eino_house_with_fridge
Lair:3:   lemuel_fruit_tree, grunt_megastairs_2
Lair:4:   serial_bayou_lagoon_b
Lair:5:   portal_ice_cave_demonic_guard, beast_lair_carwin_7, grunt_megastairs_1
Lair:6:   minmay_lair_end_frog_pond, dpeg_slime_entry_corner, lab_entry_generic
IceCv:    ice_cave_small_necro

Skill      XL: |  1  2  3  4  5  6  7  8  9 10 11 12 13 14 |
---------------+-------------------------------------------+-----
Axes           | 4 5 6 8 9 11 12 14 15 | 15.6
Dodging        | 3 4 5 6 7 8 9 10 11 | 11.3
Fighting       | 4 5 6 7 8 9 10 11 12 | 12.5
Armour         | 3 4 5 6 7 8 9 10 11 12 | 12.1
Bows           | 4 6 8 9 11 13 | 13.3

Action                   |  1- 3 |  4- 6 |  7- 9 | 10-12 | 13-15 || total
-------------------------+-------+-------+-------+-------+-------++-------
Melee: Hand axe          |    71 |   147 |   336 |   147 |       ||   701
       Headbutt          |     6 |    27 |    68 |   159 |    93 ||   353
       War axe           |       |       |       |   377 |   366 ||   743
 Fire: Shortbow          |       |       |   133 |    41 |       ||   174
       Longbow           |       |       |       |   266 |   200 ||   466
Invok: Berserk           |       |       |     4 |     5 |     1 ||    10
       Burn Spellbooks   |       |       |       |     2 |     1 ||     3
       Trog's Hand       |       |       |       |       |     2 ||     2
       Brothers in Arms  |       |       |       |       |     1 ||     1
 Abil: Stop Flying       |       |       |     1 |     1 |       ||     2
       Evoke Flight      |       |       |       |     1 |       ||     1
  Use: Scroll            |       |       |     7 |    21 |     5 ||    33
       Potion            |       |       |       |       |     1 ||     1
  Eat: Chunk             |     1 |     4 |    20 |    33 |    15 ||    73
       Fruit             |       |       |       |     3 |     1 ||     4
       Royal jelly       |       |       |       |     1 |     1 ||     2
Armor: Scale mail        |    24 |    57 |   136 |   121 |   183 ||   521
Dodge: Dodged            |    26 |    81 |   173 |   246 |   321 ||   847
